 Dungeon Crawl Stone Soup version 0.18.1-1-g2f07953 (webtiles) character file.

136 Catbag the Skirmisher (level 4, -5/41 HPs)
             Began as a Minotaur Fighter on May 7, 2016.
             Killed by divine providence
             ... invoked by an orc priest
              (7 damage)
             ... on level 3 of the Dungeon.
             The game lasted 00:05:38 (1698 turns).

Catbag the Skirmisher (Minotaur Fighter)            Turns: 1698, Time: 00:05:40

Health: -5/41      AC:  7    Str: 21    XL:     4   Next: 98%
Magic:  3/3        EV: 10    Int:  5    God:
Gold:   111        SH:  0    Dex: 10    Spells: 0 memorised, 3 levels left

rFire  . . .     SeeInvis .     l - +8 frozen axe "Frostbite" {freezing cloud, *Noise +Fly rC+}
rCold  + . .     Gourm    .     b - +0 scale mail
rNeg   . . .     Faith    .     (shield currently unavailable)
rPois  .         Spirit   .     (helmet restricted)
rElec  .         Dismiss  .     (no cloak)
rCorr  .         Reflect  .     (no gloves)
SustAt .         Harm     .     (no boots)
MR     .....                    (no amulet)
Stlth  ..........               (no ring)
                                (no ring)

@: not resistant to hostile enchantments, extremely unstealthy
A: retaliatory headbutt, horns 2
a: Evoke Flight


You were on level 3 of the Dungeon.
You were not hungry.

You visited 1 branch of the dungeon, and saw 3 of its levels.

You collected 111 gold pieces.

Inventory:

Hand Weapons
 a - a +0 long sword
 j - a +0 mace
 l - the +8 frozen axe "Frostbite" (weapon) {freezing cloud, *Noise +Fly rC+}
   (You found it on level 1 of the Dungeon)

   It has been specially enchanted to freeze those struck by it, causing extra
   injury to most foes and up to half again as much damage against particularly
   susceptible opponents.
   It can also slow down cold-blooded creatures.
   It protects you from cold.
   It lets you fly.
   It may make noises in combat.
Missiles
 f - 6 stones (quivered)
Armour
 b - a +0 scale mail (worn)
 c - a +0 shield
 m - a +0 robe
 t - a +0 scale mail
Jewellery
 g - an uncursed ring of sustain attributes {unknown}
Scrolls
 h - 5 scrolls of identify {unknown}
 k - 2 scrolls of enchant weapon {unknown}
 o - 2 scrolls of remove curse {unknown}
 p - 2 scrolls of amnesia {unknown}
 q - a scroll of fear {unknown}
 u - a scroll of magic mapping {unknown}
Potions
 d - a potion of might
 e - a potion of curing
 n - a potion of flight {unknown}
 s - 2 potions of ambrosia {unknown}
Comestibles
 i - 2 beef jerkies
 r - a royal jelly


   Skills:
 + Level 4.7 Fighting
 + Level 2.8 Long Blades
 + Level 1.2 Axes
 + Level 4.5 Armour
 + Level 1.5 Dodging
 + Level 4.5 Shields


You had 3 spell levels left.
You didn't know any spells.

Dungeon Overview and Level Annotations

Branches:
Dungeon (3/15)

Altars:


Innate Abilities, Weirdness & Mutations

You reflexively headbutt those who attack you in melee.
You have a pair of horns on your head.


Message History

You open the door. 3 orcs and 2 orc priests come into view.
The orc shouts! x2; The orc priest shouts!
The orc shouts!
The orc priest shouts!
Found a leatherbound book.
A bat comes into view.
You slash the orc! You freeze the orc.
You kill the orc!
The orc priest invokes the aid of Beogh against you.
Beogh smites you!
The orc priest mumbles some strange prayers to Beogh against you.
Beogh smites you!
You slash the orc! You freeze the orc.
You kill the orc!
The orc priest mumbles some strange prayers to Beogh against you.
Beogh smites you!
* * * LOW HITPOINT WARNING * * *
The orc priest invokes the aid of Beogh against you.
Beogh smites you!
You die...

....########.....#
....# #.....#
....# ###'###
....# ###### #.#
....# #....# #.# #
....# #....# #.#
.# ....# #....#
#.# ..+
..#####....#
#.###o:.#
..##..'....#
#..@)ob.+
..##.##....#
#####o..#
####.##....# .....
...#.##....# ..#.
##.#.##.#### .#
<..#.##.# #
####.##.#
......#.#
#######.#


You could see 2 orc priests, an orc and a bat.

Vanquished Creatures
  Ijyb (D:2)
  Robin (D:2)
  4 adders (D:2)
  2 worms
  A giant gecko (D:2)
  2 orcs (D:3)
  A ball python (D:2)
  5 hobgoblins
  5 jackals (D:2)
  2 quokkas (D:2)
  4 bats (D:2)
  2 giant newts
  8 goblins (D:2)
  8 kobolds
  8 rats
54 creatures vanquished.

Notes
Turn   | Place    | Note
--------------------------------------------------------------
     0 | D:1      | Catbag the Minotaur Fighter began the quest for the Orb.
     0 | D:1      | Reached XP level 1. HP: 19/19 MP: 0/0
   725 | D:1      | Reached XP level 2. HP: 25/27 MP: 1/1
   955 | D:2      | Reached XP level 3. HP: 16/33 MP: 2/2
   956 | D:2      | Noticed Ijyb
   966 | D:2      | Killed Ijyb
   990 | D:2      | Reached XP level 4. HP: 11/41 MP: 3/3
  1292 | D:2      | Noticed Robin
  1301 | D:2      | Killed Robin
  1301 | D:2      | Reached skill level 1 in Dodging
  1335 | D:2      | Reached skill level 1 in Axes
  1698 | D:3      | HP: 2/41 [orc priest/divine providence (13)]
  1698 | D:3      | Killed from afar by an orc priest

Skill      XL: |  1  2  3  4 |
---------------+-------------+-----
Shields        | 4 |  4.5
Fighting       | 4 |  4.7
Armour         | 4 |  4.5
Dodging        | 1 |  1.5
Axes           | 1 |  1.2
Long Blades    | |  2.8

Action                   |  1- 3 |  4- 6 || total
-------------------------+-------+-------++-------
Melee: Long sword        |    15 |       ||    15
       Headbutt          |     7 |     7 ||    14
       Executioner's axe |    26 |    47 ||    73
  Use: Potion            |       |     1 ||     1
  Eat: Bread ration      |       |     1 ||     1
       Beef jerky        |       |     1 ||     1
Armor: Scale mail        |    25 |    29 ||    54
Dodge: Dodged            |    24 |    33 ||    57
Block: Shield            |     5 |       ||     5
